 Dungeon Crawl Stone Soup version 0.28.0-53-g5a82cb258f (webtiles) character file.

Game seed: 1312914662031843544

44942 cbfl8 the Severer (level 13, -3/184 HPs)
             Began as a Minotaur Berserker on Aug 9, 2022.
             Was an Elder of Trog.
             Slain by a five-headed hydra (5 damage)
             ... on level 15 of the Dungeon.
             The game lasted 00:28:46 (23571 turns).

cbfl8 the Severer (Minotaur Berserker)             Turns: 23571, Time: 00:28:46

Health: -3/184     AC: 26    Str: 23    XL:     13   Next: 99%
Magic:  0/12       EV:  2    Int:  4    God:    Trog [****..]
Gold:   1277       SH:  0    Dex: 14    Spells: 12/12 levels left

rFire   + . .      SeeInvis +   B - +4 executioner's axe (vorpal)
rCold   x . .      Faith    .   (shield currently unavailable)
rNeg    . . .      Spirit   +   (armour currently unavailable)
rPois   +          Reflect  .   (helmet currently unavailable)
rElec   +          Harm     .   (cloak currently unavailable)
rCorr   .          Rampage  .   (gloves currently unavailable)
Will    +++..      NoTele   +   (boots currently unavailable)
Stlth   ++........              e - amulet of guardian spirit
HPRegen 1.40/turn               y - ring "Mithreyra" {Fire rElec Will+}
MPRegen 0.13/turn               o - ring of see invisible

@: mighty, tree-form, strong-willed, regenerating
A: stationary, stasis, torment immunity, boosted hp, (horns 2), (retaliatory
headbutt)
a: Renounce Religion, Berserk, Trog's Hand, Brothers in Arms


You were on level 15 of the Dungeon.
You worshipped Trog.
Trog was greatly pleased with you.
You were a tree.
You visited 1 branch of the dungeon, and saw 15 of its levels.

You collected 1277 gold pieces.

Inventory:

Hand Weapons
 B - a +4 vorpal executioner's axe (weapon)
Missiles
 k - a throwing net
Armour
 b - a +0 pair of boots (melded)
 g - a +1 cloak (melded)
 m - a +0 pair of gloves (melded)
 x - a +2 plate armour of poison resistance (melded)
Jewellery
 e - an amulet of guardian spirit (around neck)
 n - a +6 ring of intelligence
 o - a ring of see invisible (right branch)
 y - the ring "Mithreyra" (left branch) {Fire rElec Will+}
   (You found it on level 11 of the Dungeon)

   [ring of fire]

   It enhances your fire magic.
   rF:        It protects you from fire.
   rC:        It makes you vulnerable to cold.
   rElec:     It insulates you from electricity.
   Will:      It increases your willpower.
 D - a ring of positive energy
 G - a ring of flight
Wands
 d - a wand of mindburst (15)
 u - a wand of polymorph (3)
 L - a wand of iceblast (7) (quivered)
Scrolls
 f - 2 scrolls of enchant weapon
 h - a scroll of summoning {unknown}
 i - 4 scrolls of fog
 j - 5 scrolls of noise
 r - 3 scrolls of immolation
 s - 2 scrolls of acquirement
 C - a scroll of fear
Potions
 c - 5 potions of lignification
 l - 5 potions of mutation
 q - a potion of cancellation
 w - 2 potions of flight
 A - 4 potions of curing
 E - 2 potions of resistance
Miscellaneous
 p - a phial of floods
 K - a condenser vane


   Skills:
 * Level 13.8 Fighting
 + Level 16.6 Axes
 + Level 11.6 Armour
 * Level 10.8 Dodging
 + Level 1.0 Stealth
 + Level 4.6 Shields
 * Level 8.9 Evocations


You had 12 spell levels left.
You didn't know any spells.
Your spell library was empty.

Dungeon Overview and Level Annotations

Branches:
Dungeon (15/15)            Temple (0/1) D:7            Lair (0/6) D:9
    Orc (0/2) D:10         Vaults (0/5) D:14         Depths (0/4) D:15

Altars:
Ashenzari
Dithmenos
Gozag
Makhleb
Sif Muna
Uskayaw

Shops:
D:1 (   D:10 :   D:15 ?


Innate Abilities, Weirdness & Mutations

You are a tree.
Your roots penetrate the ground, keeping you stationary.
You cannot be teleported.
You are immune to unholy pain and torment.
Your maximum health is greatly increased.
Your equipment is partially melded.
((You have a pair of horns on your head.))
((You reflexively headbutt those who attack you in melee.))


Message History

The boulder beetle curls into a ball and begins rolling!
Okay, then.
Okay, then.
Okay, then.
Okay, then.
It was a potion of might.
You feel very mighty all of a sudden.
Your ogre hits the boulder beetle with a +0 giant club!!
The boulder beetle hits your ogre!!
The boulder beetle stops rolling and uncurls.
Your ogre hits the boulder beetle but does no damage.
Really quaff the potion of lignification?
You turn into a tree.
Your +1 cloak melds into your body.
Your +0 pair of gloves melds into your body.
Your +0 pair of boots melds into your body.
Your +2 plate armour of poison resistance melds into your body.
You no longer feel resistant to poison.
Your roots penetrate the ground.
The four-headed hydra bites you but does no damage.
The four-headed hydra bites you.
* * * LOW HITPOINT WARNING * * *
The four-headed hydra bites you but does no damage. x2
The boulder beetle bites your ogre.
Your ogre hits the boulder beetle with a +0 giant club!
You hack one of the four-headed hydra's heads off!
The three-headed hydra grows two more!
You slice the five-headed hydra!!
The five-headed hydra is heavily wounded.
The five-headed hydra bites you but does no damage.
The five-headed hydra bites you.
* * * LOW HITPOINT WARNING * * *
The five-headed hydra bites you but does no damage. x3
The yaktaur shoots a bolt.
The bolt hits your ogre!!
Your ogre dies!
Your ogre's corpse disappears in a puff of smoke!
The five-headed hydra bites you.
* * * LOW HITPOINT WARNING * * *
The five-headed hydra bites you!
* * * LOW HITPOINT WARNING * * *
The five-headed hydra bites you but does no damage. x2
The five-headed hydra bites you.
You die...

#....C...........
...........#..#
.............#
.####........##
..............##
###........#..c###
....#......##C...#
...###.##.#####BD#
.......##....###♣#
...#########.....#
...# ##....# ####
#....# # #....# ##
#....# .# #....#
.#### ##.### ....#
###..#


You could see a boulder beetle, a five-headed hydra, a cyclops and a yaktaur.

Vanquished Creatures
  Jorgrun (D:12)
  Azrael (D:14)
  An ettin (D:15)
  Josephine (D:11)
  5 boulder beetles
  A great orb of eyes (D:12)
  8 vault guards (D:14)
  A hydra (D:13)
  4 centaur warriors
  4 two-headed ogres
  A death knight (D:13)
  A tengu warrior (D:14)
  A deep troll (D:15)
  A wizard (D:14)
  4 deep elf pyromancers
  An orc knight (D:15)
  A necromancer (D:15)
  An orc sorcerer (D:15)
  2 manticores
  6 ugly things
  2 cyclopes (D:15)
  An elephant (shapeshifter) (D:15)
  A black mamba (shapeshifter) (D:13)
  3 unseen horrors
  2 gargoyles (D:12)
  3 kobold demonologists (D:11)
  A yaktaur (D:12)
  A freezing wraith (D:14)
  The ghost of Diggabert the Conjurer, a novice DECj (D:5)
  4 trolls
  A meliai (shapeshifter) (D:12)
  15 slime creatures
  A jumping spider (shapeshifter) (D:14)
  A shadow (D:9)
  A yak (shapeshifter) (D:15)
  7 wraiths
  2 vampires
  3 wyverns
  5 yaks
  2 fire elementals (D:14)
  3 basilisks
  A steam dragon (D:9)
  10 vampire mosquitoes
  2 water moccasins
  4 hell hounds (D:14)
  3 acid dragons
  3 black bears
  2 ice beasts
  5 orc warriors
  4 ogres
  A necrophage (D:6)
  7 centaurs
  The ghost of unlimited1921 the Magician, an amateur DjFE (D:4)
  3 phantoms (D:5)
  3 kobold brigands
  Blork the orc (D:5)
  A gnoll sergeant (D:11)
  2 bullfrogs
  6 scorpions
  2 water moccasin skeletons (D:5)
  13 wights
  5 electric eels
  4 howler monkeys
  7 crimson imps (D:7)
  5 centaur zombies
  A bullfrog skeleton (D:4)
  2 centaur skeletons
  7 jellies
  2 gnoll shamans
  7 orc priests
  A hound (D:3)
  An iguana (D:5)
  13 orc wizards
  2 howler monkey zombies
  25 gnolls
  9 adders
  3 shadow imps
  2 white imps (D:7)
  A worm (D:4)
  8 dart slugs
  42 orcs
  6 bats
  11 endoplasms
  A giant cockroach (D:3)
  10 goblins
  12 hobgoblins
  4 jackals (D:3)
  18 kobolds
  5 quokkas
  9 ball pythons
  A frilled lizard (D:3)
  3 rats
407 creatures vanquished.

Vanquished Creatures (others)
  An orc wizard (D:5)
  A dart slug (D:6)
2 creatures vanquished.

Grand Total: 409 creatures vanquished

Notes
Turn   | Place    | Note
-------+----------+-------------------------------------------
     0 | D:1      | cbfl8 the Minotaur Berserker began the quest for the Orb.
     0 | D:1      | Reached XP level 1. HP: 19/19 MP: 0/0
   637 | D:1      | Reached XP level 2. HP: 24/27 MP: 1/1
   951 | D:1      | Found Qusooz's Weapon Emporium.
   971 | D:1      | Reached skill level 4 in Axes
  1237 | D:2      | Reached XP level 3. HP: 32/33 MP: 2/2
  1478 | D:2      | Identified the +5 hunting sling of Demand {flame, rElec rN+
                  | Str+4 Stlth-}
  1481 | D:2      | Reached ** piety under Trog
  1701 | D:2      | Reached XP level 4. HP: 38/41 MP: 3/3
  1704 | D:2      | Reached skill level 5 in Axes
  2837 | D:2      | Reached XP level 5. HP: 45/47 MP: 2/4
  3018 | D:3      | Reached skill level 1 in Evocations
  3482 | D:3      | Reached skill level 5 in Fighting
  3487 | D:3      | Reached XP level 6. HP: 50/56 MP: 3/5
  3766 | D:4      | Reached skill level 6 in Axes
  3973 | D:4      | Reached XP level 7. HP: 61/61 MP: 4/6
  3976 | D:4      | Reached *** piety under Trog
  4363 | D:4      | Reached skill level 7 in Axes
  4671 | D:4      | Found a runed translucent gate.
  4672 | D:4      | Found a runed translucent gate.
  4673 | D:4      | Found a runed translucent gate.
  4677 | D:4      | Noticed unlimited1921's ghost (amateur DjFE)
  5318 | D:4      | Reached **** piety under Trog
  5322 | D:4      | Killed unlimited1921's ghost
  5323 | D:4      | Reached XP level 8. HP: 70/70 MP: 4/7
  5373 | D:4      | Identified the +1 war axe of the Evil Eye {drain, rC++ rN+}
  5497 | D:5      | Entered Level 5 of the Dungeon
  5502 | D:5      | Reached skill level 5 in Dodging
  5610 | D:5      | Reached skill level 8 in Axes
  5772 | D:5      | Noticed Blork the orc
  5782 | D:5      | Killed Blork the orc
  5784 | D:5      | Reached skill level 5 in Armour
  5798 | D:5      | Reached skill level 1 in Shields
  6024 | D:5      | Found a large runed translucent door.
  6024 | D:5      | Found a large runed translucent door.
  6292 | D:5      | Noticed Diggabert's ghost (novice DECj)
  6528 | D:5      | Reached XP level 9. HP: 64/78 MP: 5/8
  6694 | D:5      | Killed Diggabert's ghost
  6695 | D:5      | Reached skill level 9 in Axes
  6957 | D:6      | Reached ***** piety under Trog
  8366 | D:7      | Reached skill level 5 in Evocations
  8430 | D:7      | Found a staircase to the Ecumenical Temple.
  8519 | D:7      | Reached skill level 10 in Axes
  8643 | D:7      | Identified the +7 quarterstaff of Peedaar {elec, rElec
                  | rCorr}
  8658 | D:7      | Reached XP level 10. HP: 85/88 MP: 9/9
  9887 | D:8      | Received a gift from Trog
 10194 | D:9      | Found a staircase to the Lair.
 10604 | D:9      | Found an opulent altar of Gozag.
 10778 | D:9      | Found a hide-covered altar of Uskayaw.
 11106 | D:9      | Found a large runed translucent door.
 11112 | D:9      | Found a large runed translucent door.
 11290 | D:9      | Reached skill level 11 in Axes
 11413 | D:9      | Found a broken altar of Ashenzari.
 11418 | D:9      | Found a burning altar of Makhleb.
 11468 | D:10     | Entered Level 10 of the Dungeon
 11468 | D:10     | Found Gyrhaud's Book Shoppe.
 11775 | D:10     | Found a staircase to the Orcish Mines.
 12299 | D:10     | Reached XP level 11. HP: 70/97 MP: 7/10
 12615 | D:10     | Noticed a two-headed ogre
 12621 | D:10     | Killed a two-headed ogre
 12622 | D:10     | Reached skill level 12 in Axes
 12738 | D:10     | Found a shadowy altar of Dithmenos.
 12738 | D:10     | Found a shimmering blue altar of Sif Muna.
 13539 | D:11     | Noticed a green ugly thing
 13545 | D:11     | Killed a green ugly thing
 13663 | D:11     | Identified the ring "Mithreyra" {Fire rElec Will+}
 13794 | D:11     | Received a gift from Trog
 13795 | D:11     | Reached skill level 10 in Fighting
 13938 | D:11     | Noticed a centaur warrior
 13947 | D:11     | Killed a centaur warrior
 13948 | D:11     | Reached skill level 13 in Axes
 14092 | D:11     | Noticed Josephine
 14106 | D:11     | Killed Josephine
 14707 | D:12     | Noticed a great orb of eyes
 14732 | D:12     | Noticed a boulder beetle
 14742 | D:12     | Killed a great orb of eyes
 15078 | D:12     | Noticed a boulder beetle
 15100 | D:12     | Killed a boulder beetle
 15101 | D:12     | Reached XP level 12. HP: 53/110 MP: 6/11
 15436 | D:12     | Noticed a two-headed ogre
 15442 | D:12     | Killed a two-headed ogre
 15504 | D:12     | Noticed Jorgrun
 15515 | D:12     | Reached skill level 14 in Axes
 15518 | D:12     | Killed Jorgrun
 15674 | D:12     | Identified 2 scrolls of acquirement
 16042 | D:12     | Killed a boulder beetle
 17369 | D:13     | Noticed a centaur warrior
 17375 | D:13     | Killed a centaur warrior
 17474 | D:13     | Reached skill level 10 in Armour
 18114 | D:13     | Noticed a five-headed hydra
 18121 | D:13     | Killed a seven-headed hydra
 18290 | D:13     | Reached skill level 15 in Axes
 18307 | D:13     | Noticed a two-headed ogre
 18312 | D:13     | Killed a two-headed ogre
 18661 | D:14     | Noticed a centaur warrior
 18661 | D:14     | Noticed a boulder beetle
 18789 | D:14     | Noticed a centaur warrior
 18789 | D:14     | Noticed a two-headed ogre
 19126 | D:14     | Killed a centaur warrior
 19293 | D:13     | Killed a boulder beetle
 19365 | D:14     | Killed a two-headed ogre
 19366 | D:14     | Reached skill level 10 in Dodging
 19392 | D:14     | Reached XP level 13. HP: 95/118 MP: 8/12
 19807 | D:14     | Noticed Azrael
 19818 | D:14     | Killed Azrael
 19845 | D:13     | Received a gift from Trog
 20901 | D:14     | Found a gate to the Vaults.
 21180 | D:14     | Reached skill level 16 in Axes
 21853 | D:15     | Entered Level 15 of the Dungeon
 21870 | D:15     | Noticed an ettin
 21882 | D:15     | Killed an ettin
 23287 | D:15     | Found a staircase to the Depths.
 23338 | D:15     | Reached skill level 1 in Stealth
 23412 | D:15     | Found an opulent altar of Gozag.
 23548 | D:15     | HP: 3/123 [yaktaur/bolt (14)]
 23557 | D:15     | Found Xiskinag's Magic Scroll Boutique.
 23557 | D:15     | HP: 1/123 [yaktaur/bolt (11)]
 23571 | D:15     | HP: 2/184 [five-headed hydra (9)]
 23571 | D:15     | Slain by a five-headed hydra

Illustrated notes

Levels and vault maps discovered:
D:1:      minmay_arrival_pointy, layout_rooms, serial_shops, shop,
          minmay_misc_feat_iff
D:2:      kennysheep_six_static_rooms, layout_basic, nrook_uturn,
          nicolae_concentric_dashed_squares_mild
D:3:      layout_rooms, eino_curves_01, chequers_serial_rivers_micro_c,
          minmay_stone_trees_small
D:4:      nicolae_cairo_tiling_large, layout_loops_ring,
          gammafunk_ghost_necromancy, minmay_joined_circles
D:5:      layout_loops_cross, ebering_ghost_disaster_area, roderic_lattice_a,
          uniq_blork_the_orc
D:6:      kennysheep_slugbush, layout_loops_ring
D:7:      layout_layer_cave, minmay_temple_entry_statues_pillars,
          minmay_nine_imps
D:8:      layout_cave_pools
D:9:      layout_cave_pools, mainiacjoe_overflow_large_starburst,
          jmf_multi_god_temple2, lair_entry_dummy
D:10:     layout_basic, gammafunk_temple_overflow_statue, hiddenorc1_lemuel,
          serial_shops, nicolae_shop_hallway_stairs
D:11:     layout_gridville, uniq_josephine
D:12:     layout_cave_pods, grunt_tough_drop, uniq_jorgrun
D:13:     layout_grid_maze
D:14:     layout_rooms, erik_vaults_2, minivault_14, uniq_azrael
D:15:     hangedman_depths_entry_civil_slaughter, layout_rooms, serial_shops,
          shop, grunt_ministairs_9, grunt_gozag_statues, uniq_kirke

Skill      XL: |  1  2  3  4  5  6  7  8  9 10 11 12 13 |
---------------+----------------------------------------+-----
Fighting       | 4 5 6 8 9 11 12 13 | 13.8
Axes           | 4 5 6 7 8 10 11 13 15 16 | 16.6
Dodging        | 3 4 5 6 7 8 10 | 10.8
Evocations     | 1 2 4 5 6 7 8 |  8.9
Armour         | 3 4 5 6 7 9 10 11 | 11.6
Shields        | 1 3 4 |  4.6
Stealth        | 1 |  1.0

Action                   |  1- 3 |  4- 6 |  7- 9 | 10-12 | 13-15 || total
-------------------------+-------+-------+-------+-------+-------++-------
Melee: Hand axe          |    80 |    96 |    66 |       |       ||   242
       Headbutt          |    11 |     6 |    58 |   100 |    27 ||   202
       Punch             |       |     1 |       |       |       ||     1
       War axe           |       |       |   212 |    85 |       ||   297
       Executioner's axe |       |       |       |   311 |   167 ||   478
Invok: Berserk           |     1 |     3 |     1 |    10 |     6 ||    21
       Trog's Hand       |       |       |       |       |     1 ||     1
       Brothers in Arms  |       |       |       |       |     1 ||     1
Evoke: Wand              |       |       |       |     9 |     4 ||    13
  Use: Scroll            |       |     7 |     4 |     9 |    11 ||    31
       Potion            |       |       |     3 |       |     7 ||    10
Armor: Animal skin       |     4 |       |       |       |       ||     4
       Scale mail        |    22 |    22 |       |       |       ||    44
       Chain mail        |       |    13 |   184 |    45 |       ||   242
       Plate armour      |       |       |       |   245 |   126 ||   371
       Skin              |       |       |       |       |     9 ||     9
Dodge: Dodged            |    36 |    47 |    76 |   216 |   111 ||   486
Block: Tower shield      |       |       |   144 |    56 |       ||   200
